cohdb
Replays
Latest Replays
All Replays
Popular Replays
Top Player Replays
Match Explorer
How It Works
Community
CoH3 Stats
Reddit
Sign in to upload your games and track your stats! →
Sign in with Steam
Match 37368290
Unlisted
Match 37368290
Overview
Messages
Build Orders
End
Kettenkrad Recon Vehicle
Selects Luftwaffe Battlegroup
Selects Luftwaffe Pioneer Support
Fallschirmpioneer Squad Paradrop
Construct Infanterie Kompanie
MG 42 Machine Gun Team
Construct Panzergrenadier Kompanie
Selects Stuka Strafing Run
251 Medium Carrier
Stuka Strafing Run
Panzergrenadier Squad
Selects Fallschirmjäger Squad Paradrop
Pak 40 Anti-tank Gun Team
Stuka Strafing Run
Construct Panzer Kompanie
Stuka Strafing Run
Panzergrenadier Squad
Stuka Strafing Run
Selects Stuka Loiter
Sturmpanzer IV Brummbär
Panzer IV Medium Tank
Stuka Loiter
Stuka Strafing Run
Lancet
開信刀
CannonFodder
Chikage
R19
JT
0
0
Comments
sign in to comment!
No comments posted yet!